 Dungeon Crawl Stone Soup version 0.27-a0-1196-g3e9cee4cb2 (webtiles) character file.

Game seed: 11887393523151502579

721 Morbidden the Chopper (level 7, 0/63 HPs)
             Began as a Deep Dwarf Fighter on May 29, 2021.
             Was a Follower of Vehumet.
             Slain by an orc
             ... wielding a +0 flail
              (7 damage)
             ... on level 5 of the Dungeon.
             The game lasted 00:08:04 (3400 turns).

Morbidden the Chopper (Deep Dwarf Fighter)          Turns: 3400, Time: 00:08:04

Health: 0/63       AC:  5    Str: 24    XL:     7   Next: 43%
Magic:  9/9        EV: 12    Int: 10    God:    Vehumet [*.....]
Gold:   171        SH:  7    Dex: 16    Spells: 6/9 levels left

rFire    . . .     SeeInvis +   a - +3 war axe (freeze)
rCold    . . .     Faith    .   e - +2 buckler
rNeg     + . .     Spirit   .   p - +0 leather armour of Gishieqe {rN+ Str+4 Dex+4 SInv}
rPois    .         Reflect  .   r - +0 helmet
rElec    .         Harm     .   (no cloak)
rCorr    .         Rampage  .   q - +0 pair of gloves
Will     +....                  (no boots)
Stlth    +.........             (no amulet)
HPRegen  0.00/turn              (no ring)
MPRegen  0.11/turn              (no ring)

@: no status effects
A: damage resistance, heal wounds, sense surroundings 1, no regeneration
a: Heal Wounds, Renounce Religion


You were on level 5 of the Dungeon.
You worshipped Vehumet.
Vehumet was aware of your devotion.
You visited 1 branch of the dungeon, and saw 5 of its levels.

You collected 171 gold pieces.

Inventory:

Hand Weapons
 a - a +3 war axe of freezing (weapon)
Armour
 c - a +1 kite shield
 e - a +2 buckler (worn)
 p - the +0 leather armour of Gishieqe (worn) {rN+ Str+4 Dex+4 SInv}
   (You found it on level 4 of the Dungeon)

   It affects your strength (+4).
   It affects your dexterity (+4).
   It protects you from negative energy.
   It lets you see invisible.
 q - a +0 pair of gloves (worn)
 r - a +0 helmet (worn)
Scrolls
 b - a scroll of enchant weapon
 f - a scroll of identify
 g - 2 scrolls of noise
 h - 2 scrolls of holy word
 k - a scroll of fear
 m - a scroll of fog
 n - a scroll of magic mapping
Potions
 d - 2 potions of might
 j - a potion of degeneration
 l - a potion of attraction
 o - a potion of brilliance


   Skills:
 * Level 3.9 Fighting
 + Level 5.7 Axes
 + Level 4.2 Armour
 * Level 2.6 Dodging
 + Level 0.1 Stealth
 * Level 5.0 Shields
 * Level 1.7 Spellcasting
 * Level 1.0 Necromancy


You had 6 spell levels left.
You knew the following spells:

 Your Spells              Type           Power      Damage    Failure   Level
a - Vampiric Draining     Necr           1%         2d6       56%         3

Your spell library contained the following spells:

 Spells                   Type           Power      Damage    Failure   Level
 Foxfire                  Conj/Fire      0%         2x1d4     34%         1
 Animate Skeleton         Necr           4%         N/A       24%         1
 Pain                     Necr           8%         1d4       24%         1
 Beastly Appendage        Tmut           0%         N/A       34%         1
 Wereblood                Tmut           0%         N/A       47%         2
 Spider Form              Tmut/Pois      0%         N/A       71%         3
 Animate Dead             Necr           1%         N/A       93%         4
 Ice Form                 Ice/Tmut       0%         N/A       98%         4
 Agony                    Necr           2%         N/A       100%        5
 Hydra Form               Tmut           0%         N/A       100%        5


Dungeon Overview and Level Annotations

Branches:
Dungeon (5/15)             Temple (0/1) D:5

Altars:
Nemelex Xobeh
Vehumet


Innate Abilities, Weirdness & Mutations

You are resistant to damage.
You can heal yourself by infusing magical energy.
You passively map a small area around you.
You do not regenerate.


Message History

You start waiting.
Done waiting.
Okay, then.
Okay, then.
Okay, then.
Found a dagger.
Found a quarterstaff.
You now have 171 gold pieces (gained 10). 2 orcs come into view.
There are monsters nearby!
There are monsters nearby!
Non-targeted abil: Heal Wounds
Press: ? - help, Q - select action Dir - look around, f - activate
Okay, then.
The orc shouts!
You hear a shout! x2
You slash the orc! You freeze the orc.
You kill the orc!
Vehumet accepts your kill. The orc hits you but does no damage.
You see here a +0 flail.
You slash the orc! You freeze the orc.
You kill the orc!
Vehumet accepts your kill.
An orc comes into view. It is wielding a +0 whip.
The orc shouts!
An orc comes into view. It is wielding a +0 hand axe.
Things that are here:
a +0 whip; a +0 chain mail; an orc corpse An orc comes into view.
It is wielding a +0 flail.
The orc shouts!
You closely miss the orc. You hit the orc. You freeze the orc.
The orc hits you with a +0 hand axe.
* * * LOW HITPOINT WARNING * * *
The orc misses you.
You closely miss the orc. You slash the orc! You freeze the orc.
You kill the orc!
Vehumet accepts your kill.
The orc throws a boomerang.
You block the boomerang. The orc hits you with a +0 flail!
You die...

* * * ,
* * *
#####.#
*
#@o..#
,
#o#.##
* ,, ,
#)#*.#
* * * *
#.#
*.#, ,
#.# *.#
* * *
##.##*
# #...#
, ,
#.#.# ,
* *
##.#.#*
,**


You could see 2 orcs.

Vanquished Creatures
  A necrophage (D:5)
  A kobold brigand (D:4)
  2 water moccasin zombies
  A bullfrog zombie (D:4)
  A centaur zombie (D:4)
  2 hounds
  An iguana (D:5)
  4 scorpion zombies
  Robin (D:4)
  6 adders
  2 adder zombies (D:4)
  An adder skeleton (D:4)
  3 worms
  A dart slug (D:5)
  10 orcs
  8 endoplasms
  2 giant cockroaches
  11 hobgoblins
  12 jackals
  7 quokkas
  6 ball pythons
  6 bats
  3 frilled lizards
  16 goblins
  A jackal zombie (D:4)
  7 kobolds
  A rat (D:1)
117 creatures vanquished.

Vanquished Creatures (others)
  A withered plant (D:4)
1 creature vanquished.

Grand Total: 118 creatures vanquished

Notes
Turn   | Place    | Note
-------+----------+-------------------------------------------
     0 | D:1      | Morbidden the Deep Dwarf Fighter began the quest for the
                  | Orb.
     0 | D:1      | Reached XP level 1. HP: 20/20 MP: 1/1
   292 | D:1      | Reached XP level 2. HP: 20/27 MP: 2/2
   628 | D:1      | Reached XP level 3. HP: 18/33 MP: 3/3
  1102 | D:2      | Reached XP level 4. HP: 18/42 MP: 4/4
  1597 | D:3      | Found a radiant altar of Vehumet.
  1736 | D:3      | Became a worshipper of Vehumet
  1812 | D:3      | Found a faded altar of an unknown god.
  1898 | D:3      | Reached skill level 1 in Dodging
  2087 | D:4      | Reached XP level 5. HP: 43/49 MP: 5/5
  2098 | D:4      | Reached * piety under Vehumet
  2098 | D:4      | Offered knowledge of Shock by Vehumet.
  2118 | D:4      | Noticed Robin
  2128 | D:4      | Killed Robin
  2129 | D:4      | Reached XP level 6. HP: 29/56 MP: 7/7
  2139 | D:4      | Reached skill level 1 in Spellcasting
  2222 | D:4      | Reached skill level 5 in Axes
  2515 | D:4      | Learned a level 3 spell: Vampiric Draining
  2634 | D:4      | Identified the +0 leather armour of Gishieqe {rN+ Str+4
                  | Dex+4 SInv}
  2721 | D:5      | Entered Level 5 of the Dungeon
  2722 | D:5      | Found a sparkling altar of Nemelex Xobeh.
  2739 | D:5      | Reached XP level 7. HP: 25/63 MP: 9/9
  2744 | D:5      | Offered knowledge of Foxfire by Vehumet.
  2745 | D:5      | Reached skill level 1 in Necromancy
  2746 | D:5      | Reached ** piety under Vehumet
  2747 | D:5      | Reached skill level 5 in Shields
  3059 | D:5      | Found a staircase to the Ecumenical Temple.
  3400 | D:5      | Slain by an orc

Illustrated notes

Levels and vault maps discovered:
D:1:      dpeg_arrival_tiny_g, layout_loops_corners
D:2:      layout_loops_ring
D:3:      layout_rooms, nicolae_vehumet_radiance, ebering_ecumenical_altar_webs
D:4:      layout_cave_pools, serial_undead, serial_undead_f, serial_undead_d,
          serial_undead_c, serial_undead_f, serial_undead_b, serial_undead_d,
          serial_shops, nicolae_shop_crystal, uniq_robin
D:5:      minmay_general_purpose_star, layout_loops_ring,
          gammafunk_temple_overflow_arena, nemelex_xobeh_ov_fountains_minmay,
          minmay_temple_entry_junction, corexii_item_surrounded_by_moat

Skill      XL: |  1  2  3  4  5  6  7 |
---------------+----------------------+-----
Axes           | 3 4 5 |  5.7
Fighting       | 3 |  3.9
Dodging        | 1 2 |  2.6
Shields        | 4 5 |  5.0
Spellcasting   | 1 |  1.7
Armour         | 4 |  4.2
Necromancy     | 1 |  1.0
Stealth        | |  0.1

Action                   |  1- 3 |  4- 6 |  7- 9 || total
-------------------------+-------+-------+-------++-------
Melee: War axe           |   121 |   186 |    20 ||   327
  Use: Scroll            |     1 |    11 |       ||    12
       Potion            |       |     4 |       ||     4
Armor: Scale mail        |    74 |    95 |       ||   169
       Leather armour    |       |     2 |     7 ||     9
Dodge: Dodged            |    46 |    66 |     7 ||   119
Block: Kite shield       |    75 |   107 |    11 ||   193
       Buckler           |       |       |     2 ||     2

Table legend: (Time is in decaauts)
 A = Elapsed time spent in this place.
 B = Non-inter-level travel time spent in this place.
 C = Inter-level travel time spent in this place.
 D = Time resting spent in this place.
 E = Time spent auto-exploring this place.
 F = Levels seen in this place.
 G = Mean time per level.
                   A        B        C        D        E       F      G
               +--------+--------+--------+--------+--------+-----+--------+
         Total |   3648 |   3445 |    203 |    509 |   1820 |   5 |  729.6 |
       Dungeon |   3648 |   3445 |    203 |    509 |   1820 |   5 |  729.6 |
               +--------+--------+--------+--------+--------+-----+--------+

Top non-repeatable levels by time:
     D:1: 939 daAuts
     D:2: 727 daAuts
     D:5: 690 daAuts
     D:3: 663 daAuts
     D:4: 626 daAuts
